 Dungeon Crawl Stone Soup version 0.19.5 (webtiles) character file.

113 equalderp2856 the Skirmisher (level 4, 0/35 HPs)
             Began as a Mummy Fighter on Mar 31, 2017.
             Slain by an adder (2 damage)
             ... on level 3 of the Dungeon.
             The game lasted 00:06:26 (2307 turns).

equalderp2856 the Skirmisher (Mummy Fighter)        Turns: 2307, Time: 00:06:26

Health: 0/35       AC:  6    Str: 20    XL:     4   Next: 65%
Magic:  4/4        EV:  9    Int:  7    God:
Gold:   92         SH:  4    Dex: 11    Spells: 0 memorised, 3 levels left

rFire  x . .     SeeInvis .     a - +0 long sword
rCold  + . .     Gourm    .     b - +0 scale mail
rNeg   + + +     Faith    .     h - +0 buckler
rPois  ∞         Spirit   .     (no helmet)
rElec  .         Reflect  .     (no cloak)
rCorr  .         Harm     .     (no gloves)
MR     .....                    (no boots)
Stlth  ..........               (no amulet)
                                (no ring)
                                (no ring)

@: no status effects
A: no food or potions, fire vulnerability, cold resistance 1, negative energy
resistance 3, torment resistance, unbreathing
a: no special abilities


You were on level 3 of the Dungeon.
You were not hungry.

You visited 1 branch of the dungeon, and saw 3 of its levels.

You collected 92 gold pieces.

Inventory:

Hand Weapons
 a - a +0 long sword (weapon)
 e - a -3 rapier
 g - a -3 dagger
 j - a +2 antimagic dagger
Missiles
 i - 82 stones (quivered)
Armour
 b - a +0 scale mail (worn)
 c - a +0 shield
 h - a +0 buckler (worn)
Jewellery
 d - an uncursed amulet of harm


   Skills:
 + Level 3.5 Fighting
 + Level 1.0(1.8) Short Blades
 + Level 2.2(2.3) Long Blades
 + Level 2.7 Armour
 + Level 1.0 Dodging
 + Level 0.1 Stealth
 + Level 3.0 Shields


You had 3 spell levels left.
You didn't know any spells.

Dungeon Overview and Level Annotations

Branches:
Dungeon (3/15)

Altars:


Innate Abilities, Weirdness & Mutations

You do not eat or drink.
Your flesh is vulnerable to fire.
You are immune to poison.
Your flesh is cold resistant. (rC+)
You are immune to negative energy. (rN+++)
You are immune to unholy pain and torment.
You can survive without breathing.


Message History

You closely miss the adder.
The adder is almost dead.
The adder bites you.
* * * LOW HITPOINT WARNING * * *
You miss the adder.
The adder is almost dead.
The adder bites you but does no damage. x2
You barely miss the adder.
The adder is almost dead.
The adder bites you.
* * * LOW HITPOINT WARNING * * *
The adder closely misses you.
Your scale mail prevents you from hitting the adder.
The adder is almost dead.
The adder bites you.
* * * LOW HITPOINT WARNING * * *
You closely miss the adder.
The adder is almost dead.
The adder barely misses you. The adder bites you.
You die...

.. ..........# ..# .#....?..###
#..# ..........# #..#
............... #..#
#......)......#. .#
#...##........$..!... %#
#............#....w #..#
#..S##.....?.#.....
....#####...#@####...........
####..........##..###.....".....
#........####.###...†...$.......
.....>......#.. #..###..........
.<........#. #.###..###.....>...
..........#..#......###.........
........>.##....###.!##.?.......
.......)...####..###.#####.#.###
#...#...##...........# ....#


You could see an adder.

Vanquished Creatures
  A scorpion (D:3)
  2 adders
  An ooze (D:1)
  3 dart slugs
  A leopard gecko (D:1)
  2 giant cockroaches
  4 goblins (D:1)
  4 hobgoblins
  3 jackals
  4 bats
  2 frilled lizards (D:1)
  4 kobolds
  4 rats
35 creatures vanquished.

Notes
Turn   | Place    | Note
-------+----------+-------------------------------------------
     0 | D:1      | equalderp2856 the Mummy Fighter began the quest for the Orb.
     0 | D:1      | Reached XP level 1. HP: 18/18 MP: 1/1
   101 | D:1      | Reached XP level 2. HP: 24/24 MP: 2/2
  1172 | D:1      | Reached XP level 3. HP: 27/29 MP: 3/3
  2251 | D:3      | Noticed a scorpion
  2272 | D:3      | Killed a scorpion
  2272 | D:3      | Reached skill level 1 in Short Blades
  2272 | D:3      | Reached skill level 1 in Dodging
  2272 | D:3      | Reached XP level 4. HP: 11/35 MP: 4/4
  2307 | D:3      | Slain by an adder

Skill      XL: |  1  2  3 |
---------------+----------+-----
Long Blades    | 2 |  2.2
Short Blades   | 1 |  1.0
Dodging        | 1 |  1.0
Shields        | 3 |  3.0
Fighting       | |  3.5
Armour         | |  2.7
Stealth        | |  0.1

Action                   |  1- 3 |  4- 6 || total
-------------------------+-------+-------++-------
Melee: Long sword        |    90 |    19 ||   109
       Dagger            |   180 |       ||   180
       Rapier            |     1 |       ||     1
  Use: Scroll            |     3 |       ||     3
Armor: Scale mail        |   146 |    13 ||   159
Dodge: Dodged            |   138 |    11 ||   149
Block: Shield            |    46 |       ||    46
       Buckler           |    64 |     2 ||    66
       Rpst.: Long sword |    15 |     3 ||    18
